Workbook

Sheet Read me
A1: Risk register template
A3: Register: one row per risk, with formulas for 100 risks. Score likelihood and impact from 1 to 5; the score (1-25) and rating calculate automatically: 15 or more is High, 8-14 Medium, 7 or less Low.
A4: Residual likelihood and impact are the scores once your controls are in place. Base decisions on these.
A5: Heat map: counts the risks in the Register by likelihood and impact.
A6: Scoring guide: the scales. Adjust the impact descriptions to your company's size once, then keep them fixed.
A7: Example risks: ten risks for a fictional mid-sized company that you can copy into the Register.
A9: Pale yellow cells are inputs. Everything else is calculated.
A10: Free template from runbooked.co

Sheet Register
A1: Risk register
A2: One row per risk. Score likelihood and impact from 1 to 5 using the Scoring guide sheet.
A4: ID | B4: Risk (what could happen) | C4: Category | D4: Cause | E4: Consequence | F4: Owner | G4: Likelihood (1-5) | H4: Impact (1-5) | I4: Score | J4: Rating | K4: Existing controls | L4: Further action | M4: Action owner | N4: Due date | O4: Status | P4: Residual likelihood | Q4: Residual impact | R4: Residual score | S4: Residual rating | T4: Last reviewed
A5: R01 | I5: =IF(OR(G5="",H5=""),"",G5*H5) | J5: =IF(I5="","",IF(I5>=15,"High",IF(I5>=8,"Medium","Low"))) | R5: =IF(OR(P5="",Q5=""),"",P5*Q5) | S5: =IF(R5="","",IF(R5>=15,"High",IF(R5>=8,"Medium","Low")))
A6: R02 | I6: =IF(OR(G6="",H6=""),"",G6*H6) | J6: =IF(I6="","",IF(I6>=15,"High",IF(I6>=8,"Medium","Low"))) | R6: =IF(OR(P6="",Q6=""),"",P6*Q6) | S6: =IF(R6="","",IF(R6>=15,"High",IF(R6>=8,"Medium","Low")))
A7: R03 | I7: =IF(OR(G7="",H7=""),"",G7*H7) | J7: =IF(I7="","",IF(I7>=15,"High",IF(I7>=8,"Medium","Low"))) | R7: =IF(OR(P7="",Q7=""),"",P7*Q7) | S7: =IF(R7="","",IF(R7>=15,"High",IF(R7>=8,"Medium","Low")))
A8: R04 | I8: =IF(OR(G8="",H8=""),"",G8*H8) | J8: =IF(I8="","",IF(I8>=15,"High",IF(I8>=8,"Medium","Low"))) | R8: =IF(OR(P8="",Q8=""),"",P8*Q8) | S8: =IF(R8="","",IF(R8>=15,"High",IF(R8>=8,"Medium","Low")))
A9: R05 | I9: =IF(OR(G9="",H9=""),"",G9*H9) | J9: =IF(I9="","",IF(I9>=15,"High",IF(I9>=8,"Medium","Low"))) | R9: =IF(OR(P9="",Q9=""),"",P9*Q9) | S9: =IF(R9="","",IF(R9>=15,"High",IF(R9>=8,"Medium","Low")))
A10: R06 | I10: =IF(OR(G10="",H10=""),"",G10*H10) | J10: =IF(I10="","",IF(I10>=15,"High",IF(I10>=8,"Medium","Low"))) | R10: =IF(OR(P10="",Q10=""),"",P10*Q10) | S10: =IF(R10="","",IF(R10>=15,"High",IF(R10>=8,"Medium","Low")))
A11: R07 | I11: =IF(OR(G11="",H11=""),"",G11*H11) | J11: =IF(I11="","",IF(I11>=15,"High",IF(I11>=8,"Medium","Low"))) | R11: =IF(OR(P11="",Q11=""),"",P11*Q11) | S11: =IF(R11="","",IF(R11>=15,"High",IF(R11>=8,"Medium","Low")))
A12: R08 | I12: =IF(OR(G12="",H12=""),"",G12*H12) | J12: =IF(I12="","",IF(I12>=15,"High",IF(I12>=8,"Medium","Low"))) | R12: =IF(OR(P12="",Q12=""),"",P12*Q12) | S12: =IF(R12="","",IF(R12>=15,"High",IF(R12>=8,"Medium","Low")))
A13: R09 | I13: =IF(OR(G13="",H13=""),"",G13*H13) | J13: =IF(I13="","",IF(I13>=15,"High",IF(I13>=8,"Medium","Low"))) | R13: =IF(OR(P13="",Q13=""),"",P13*Q13) | S13: =IF(R13="","",IF(R13>=15,"High",IF(R13>=8,"Medium","Low")))
A14: R10 | I14: =IF(OR(G14="",H14=""),"",G14*H14) | J14: =IF(I14="","",IF(I14>=15,"High",IF(I14>=8,"Medium","Low"))) | R14: =IF(OR(P14="",Q14=""),"",P14*Q14) | S14: =IF(R14="","",IF(R14>=15,"High",IF(R14>=8,"Medium","Low")))
A15: R11 | I15: =IF(OR(G15="",H15=""),"",G15*H15) | J15: =IF(I15="","",IF(I15>=15,"High",IF(I15>=8,"Medium","Low"))) | R15: =IF(OR(P15="",Q15=""),"",P15*Q15) | S15: =IF(R15="","",IF(R15>=15,"High",IF(R15>=8,"Medium","Low")))
A16: R12 | I16: =IF(OR(G16="",H16=""),"",G16*H16) | J16: =IF(I16="","",IF(I16>=15,"High",IF(I16>=8,"Medium","Low"))) | R16: =IF(OR(P16="",Q16=""),"",P16*Q16) | S16: =IF(R16="","",IF(R16>=15,"High",IF(R16>=8,"Medium","Low")))
... A104: R100 | I104: =IF(OR(G104="",H104=""),"",G104*H104) | J104: =IF(I104="","",IF(I104>=15,"High",IF(I104>=8,"Medium","Low"))) | R104: =IF(OR(P104="",Q104=""),"",P104*Q104) | S104: =IF(R104="","",IF(R104>=15,"High",IF(R104>=8,"Medium","Low")))

Sheet Heat map
A1: Heat map
A2: Number of risks in the Register at each likelihood and impact (before controls).
A4: Impact
A5: 5 | B5: =COUNTIFS(Register!$G$5:$G$104,1,Register!$H$5:$H$104,5) | C5: =COUNTIFS(Register!$G$5:$G$104,2,Register!$H$5:$H$104,5) | D5: =COUNTIFS(Register!$G$5:$G$104,3,Register!$H$5:$H$104,5) | E5: =COUNTIFS(Register!$G$5:$G$104,4,Register!$H$5:$H$104,5) | F5: =COUNTIFS(Register!$G$5:$G$104,5,Register!$H$5:$H$104,5)
A6: 4 | B6: =COUNTIFS(Register!$G$5:$G$104,1,Register!$H$5:$H$104,4) | C6: =COUNTIFS(Register!$G$5:$G$104,2,Register!$H$5:$H$104,4) | D6: =COUNTIFS(Register!$G$5:$G$104,3,Register!$H$5:$H$104,4) | E6: =COUNTIFS(Register!$G$5:$G$104,4,Register!$H$5:$H$104,4) | F6: =COUNTIFS(Register!$G$5:$G$104,5,Register!$H$5:$H$104,4)
A7: 3 | B7: =COUNTIFS(Register!$G$5:$G$104,1,Register!$H$5:$H$104,3) | C7: =COUNTIFS(Register!$G$5:$G$104,2,Register!$H$5:$H$104,3) | D7: =COUNTIFS(Register!$G$5:$G$104,3,Register!$H$5:$H$104,3) | E7: =COUNTIFS(Register!$G$5:$G$104,4,Register!$H$5:$H$104,3) | F7: =COUNTIFS(Register!$G$5:$G$104,5,Register!$H$5:$H$104,3)
A8: 2 | B8: =COUNTIFS(Register!$G$5:$G$104,1,Register!$H$5:$H$104,2) | C8: =COUNTIFS(Register!$G$5:$G$104,2,Register!$H$5:$H$104,2) | D8: =COUNTIFS(Register!$G$5:$G$104,3,Register!$H$5:$H$104,2) | E8: =COUNTIFS(Register!$G$5:$G$104,4,Register!$H$5:$H$104,2) | F8: =COUNTIFS(Register!$G$5:$G$104,5,Register!$H$5:$H$104,2)
A9: 1 | B9: =COUNTIFS(Register!$G$5:$G$104,1,Register!$H$5:$H$104,1) | C9: =COUNTIFS(Register!$G$5:$G$104,2,Register!$H$5:$H$104,1) | D9: =COUNTIFS(Register!$G$5:$G$104,3,Register!$H$5:$H$104,1) | E9: =COUNTIFS(Register!$G$5:$G$104,4,Register!$H$5:$H$104,1) | F9: =COUNTIFS(Register!$G$5:$G$104,5,Register!$H$5:$H$104,1)
B10: 1 | C10: 2 | D10: 3 | E10: 4 | F10: 5
D11: Likelihood

Sheet Scoring guide
A1: Scoring guide
A2: Adjust the descriptions to your company once, then keep them fixed.
A4: Score | B4: Likelihood | C4: Rough chance in the next 12 months
A5: 1 | B5: Rare | C5: Under 5%
A6: 2 | B6: Unlikely | C6: 5-20%
A7: 3 | B7: Possible | C7: 20-50%
A8: 4 | B8: Likely | C8: 50-80%
A9: 5 | B9: Almost certain | C9: Over 80%
A11: Score | B11: Impact | C11: What it would mean (example; set your own)
A12: 1 | B12: Negligible | C12: Small cost absorbed in the month; no customer notices
A13: 2 | B13: Minor | C13: Noticeable cost or delay; a few customers affected
A14: 3 | B14: Moderate | C14: Hits the quarter's profit; some customers affected; management time for weeks
A15: 4 | B15: Major | C15: Wipes out a large part of the year's profit; key customers or staff lost; regulator interest
A16: 5 | B16: Severe | C16: Threatens the company's survival
A19: Score (likelihood x impact) | B19: Rating
A20: 15-25 | B20: High
A21: 8-14 | B21: Medium
A22: 1-7 | B22: Low

Sheet Example risks
A1: Risk register: example risks
A2: Example risks for a fictional mid-sized company. Copy or adapt them.
A4: ID | B4: Risk (what could happen) | C4: Category | D4: Cause | E4: Consequence | F4: Owner | G4: Likelihood (1-5) | H4: Impact (1-5) | I4: Score | J4: Rating | K4: Existing controls | L4: Further action | M4: Action owner | N4: Due date | O4: Status | P4: Residual likelihood | Q4: Residual impact | R4: Residual score | S4: Residual rating | T4: Last reviewed
A5: R01 | B5: Our largest customer moves to a competitor | C5: Commercial | D5: Contract renewal with no relationship plan | E5: Revenue falls and costs must be cut | F5: Sales director | G5: 3 | H5: 4 | I5: =IF(OR(G5="",H5=""),"",G5*H5) | J5: =IF(I5="","",IF(I5>=15,"High",IF(I5>=8,"Medium","Low"))) | K5: Quarterly account reviews; renewals tracked six months ahead | L5: Agree a key-account plan for the top five customers | M5: Sales director | O5: Open | R5: =IF(OR(P5="",Q5=""),"",P5*Q5) | S5: =IF(R5="","",IF(R5>=15,"High",IF(R5>=8,"Medium","Low")))
A6: R02 | B6: Ransomware locks the file server after a phishing email | C6: Cyber | D6: A member of staff opens a malicious attachment | E6: Can't work or invoice for days; possible data breach | F6: IT manager | G6: 3 | H6: 5 | I6: =IF(OR(G6="",H6=""),"",G6*H6) | J6: =IF(I6="","",IF(I6>=15,"High",IF(I6>=8,"Medium","Low"))) | K6: Email filtering; daily backups | L6: Keep an offline backup; run phishing training | M6: IT manager | O6: Open | R6: =IF(OR(P6="",Q6=""),"",P6*Q6) | S6: =IF(R6="","",IF(R6>=15,"High",IF(R6>=8,"Medium","Low")))
A7: R03 | B7: Only one person can run payroll and month-end | C7: People | D7: Knowledge kept in one person's head | E7: Payroll late or wrong if they're away or leave | F7: Finance director | G7: 3 | H7: 4 | I7: =IF(OR(G7="",H7=""),"",G7*H7) | J7: =IF(I7="","",IF(I7>=15,"High",IF(I7>=8,"Medium","Low"))) | K7: Partial notes | L7: Write SOPs and train a deputy | M7: Finance director | O7: Open | R7: =IF(OR(P7="",Q7=""),"",P7*Q7) | S7: =IF(R7="","",IF(R7>=15,"High",IF(R7>=8,"Medium","Low")))
A8: R04 | B8: Cash runs short in a quarter with VAT and tax due | C8: Financial | D8: Customers pay late while tax bills fall due | E8: Can't pay suppliers or salaries on time | F8: Finance director | G8: 3 | H8: 4 | I8: =IF(OR(G8="",H8=""),"",G8*H8) | J8: =IF(I8="","",IF(I8>=15,"High",IF(I8>=8,"Medium","Low"))) | K8: 13-week cash flow forecast; credit control process | L8: Agree an overdraft facility before it's needed | M8: Finance director | O8: Open | R8: =IF(OR(P8="",Q8=""),"",P8*Q8) | S8: =IF(R8="","",IF(R8>=15,"High",IF(R8>=8,"Medium","Low")))
A9: R05 | B9: A fake email changes a supplier's bank details | C9: Fraud | D9: Invoice redirection scam | E9: Payment lost to fraudsters | F9: Finance manager | G9: 3 | H9: 3 | I9: =IF(OR(G9="",H9=""),"",G9*H9) | J9: =IF(I9="","",IF(I9>=15,"High",IF(I9>=8,"Medium","Low"))) | K9: Call-back check on any bank detail change | L9: Add the check to the payments SOP | M9: Finance manager | O9: Open | R9: =IF(OR(P9="",Q9=""),"",P9*Q9) | S9: =IF(R9="","",IF(R9>=15,"High",IF(R9>=8,"Medium","Low")))
A10: R06 | B10: Our sole supplier of a key component fails | C10: Operational | D10: Supplier in financial difficulty | E10: Production stops for weeks | F10: Operations manager | G10: 2 | H10: 4 | I10: =IF(OR(G10="",H10=""),"",G10*H10) | J10: =IF(I10="","",IF(I10>=15,"High",IF(I10>=8,"Medium","Low"))) | K10: Annual supplier credit check | L10: Qualify a second supplier | M10: Operations manager | O10: Open | R10: =IF(OR(P10="",Q10=""),"",P10*Q10) | S10: =IF(R10="","",IF(R10>=15,"High",IF(R10>=8,"Medium","Low")))
A11: R07 | B11: Customer personal data is emailed to the wrong person | C11: Compliance | D11: Email autocomplete | E11: Reportable data breach; loss of trust | F11: Data protection lead | G11: 3 | H11: 3 | I11: =IF(OR(G11="",H11=""),"",G11*H11) | J11: =IF(I11="","",IF(I11>=15,"High",IF(I11>=8,"Medium","Low"))) | K11: Data protection training | L11: Add a delay on outgoing email | M11: Data protection lead | O11: Open | R11: =IF(OR(P11="",Q11=""),"",P11*Q11) | S11: =IF(R11="","",IF(R11>=15,"High",IF(R11>=8,"Medium","Low")))
A12: R08 | B12: An employee is injured lifting stock | C12: Health and safety | D12: Heavy items stored at height | E12: Injury, absence and a possible claim | F12: Operations manager | G12: 2 | H12: 4 | I12: =IF(OR(G12="",H12=""),"",G12*H12) | J12: =IF(I12="","",IF(I12>=15,"High",IF(I12>=8,"Medium","Low"))) | K12: Manual handling training; risk assessments | L12: Move heavy stock to low racking | M12: Operations manager | O12: Open | R12: =IF(OR(P12="",Q12=""),"",P12*Q12) | S12: =IF(R12="","",IF(R12>=15,"High",IF(R12>=8,"Medium","Low")))
A13: R09 | B13: The accounts system is down for several days | C13: Operational | D13: Provider outage | E13: Invoicing and payments delayed | F13: IT manager | G13: 2 | H13: 3 | I13: =IF(OR(G13="",H13=""),"",G13*H13) | J13: =IF(I13="","",IF(I13>=15,"High",IF(I13>=8,"Medium","Low"))) | K13: Cloud provider's service level; weekly exports | L13: Document a manual invoicing fallback | M13: IT manager | O13: Open | R13: =IF(OR(P13="",Q13=""),"",P13*Q13) | S13: =IF(R13="","",IF(R13>=15,"High",IF(R13>=8,"Medium","Low")))
A14: R10 | B14: A fire or flood makes the office unusable | C14: Premises | D14: Fire, flood or loss of access | E14: Staff can't work from the office | F14: Managing director | G14: 1 | H14: 5 | I14: =IF(OR(G14="",H14=""),"",G14*H14) | J14: =IF(I14="","",IF(I14>=15,"High",IF(I14>=8,"Medium","Low"))) | K14: Insurance; laptops; business continuity plan | L14: Test working from home once a year | M14: Managing director | O14: Open | R14: =IF(OR(P14="",Q14=""),"",P14*Q14) | S14: =IF(R14="","",IF(R14>=15,"High",IF(R14>=8,"Medium","Low")))
